 Dungeon Crawl Stone Soup version 0.23-a0-303-gfcac5de (webtiles) character file.

49 Amnesiac the Ducker (level 3, 0/22 HPs)
             Began as a Deep Elf Fighter on Oct 8, 2018.
             Slain by a gnoll
             ... wielding a +2 halberd of protection
              (4 damage)
             ... on level 3 of the Dungeon.
             The game lasted 00:01:15 (660 turns).

Amnesiac the Ducker (Deep Elf Fighter)               Turns: 660, Time: 00:01:16

Health: 0/22       AC:  6    Str: 19    XL:     3   Next: 51%
Magic:  5/5        EV: 14    Int: 12    God:
Gold:   6          SH:  9    Dex: 19    Spells: 2/2 levels left

rFire    . . .     SeeInvis .   a - +0 long sword
rCold    . . .     Gourm    .   c - +0 shield
rNeg     . . .     Faith    .   b - +0 scale mail
rPois    .         Spirit   .   (no helmet)
rElec    .         Reflect  .   (no cloak)
rCorr    .         Harm     .   (no gloves)
MR       .....                  (no boots)
Stlth    +.........             e - amulet of magic regeneration
HPRegen  0.07/turn              (no ring)
MPRegen  0.34/turn              (no ring)

@: mighty, agile
A: no striking features
a: no special abilities


You were on level 3 of the Dungeon.
You were not hungry.

You visited 1 branch of the dungeon, and saw 3 of its levels.

You collected 6 gold pieces.

Inventory:

Hand Weapons
 a - a +0 long sword (weapon)
Armour
 b - a +0 scale mail (worn)
 c - a +0 shield (worn)
Jewellery
 e - an amulet of magic regeneration (around neck)
Scrolls
 h - 2 scrolls of magic mapping {!r, unknown}
Comestibles
 f - 2 rations
 i - a chunk of flesh


   Skills:
 * Level 2.7 Fighting
 - Level 2.0 Long Blades
 * Level 2.7 Armour
 - Level 2.9 Dodging
 - Level 2.4 Shields


You had 2 spell levels left.
You didn't know any spells.
Your spell library was empty.

Dungeon Overview and Level Annotations

Branches:
Dungeon (3/15)

Altars:
Ashenzari


Message History

No target in view!
No target in view!
No target in view!
You see here a rat corpse.
You butcher the rat corpse.
i - a chunk of flesh You see here a rat skeleton.
h - 2 scrolls labeled TOCRUU OFAISO {!r} (gained 1) As you open the door, it creaks loudly! 3 gnolls come into view.
A gnoll is wielding a halberd of protection.
The gnoll shouts! x3; You hear a shout!
The gnoll moves out of view.
A gnoll comes into view. It is wielding a halberd.
A gnoll opens the door.
A goblin comes into view.
There is an open door here.
You block the gnoll's attack.
Found a shattered altar of Ashenzari.
There is an open door here.
You closely miss the gnoll. The goblin hits you but does no damage.
The gnoll hits you with a halberd of protection.
You block the gnoll's attack.
You see here 5 tomahawks.
You block the gnoll's attack. The goblin hits you.
Found a ring mail.
Really quaff
g - a bubbling emerald potion {!q}?
It was a potion of agility {!q}.
You feel agile all of a sudden. You block the goblin's attack.
You closely miss the goblin. You block the goblin's attack.
Really quaff
d - a potion of might {!q}?
You feel very mighty all of a sudden. You block the goblin's attack.
You slash the goblin!
You kill the goblin!
You slash the gnoll!
The gnoll is heavily wounded.
The gnoll barely misses you. x2
You slash the gnoll!
You kill the gnoll!
You have reached level 3!
Your experience leads to an increase in your attributes!
Your base attributes are Str 13, Int 12, Dex 14.
Increase (S)trength, (I)ntelligence, or (D)exterity?
You feel stronger. The gnoll barely misses you. You block the gnoll's attack.
The gnoll hits you with a halberd.
You see here a flail.
You hit the gnoll.
The gnoll is heavily wounded.
The gnoll completely misses you. The gnoll barely misses you.
You slice the gnoll!!
You kill the gnoll!
The gnoll hits you from afar with a halberd of protection!
Ouch! That really hurt!
* * * LOW HITPOINT WARNING * * *
The gnoll closely misses you.
Things that are here:
a halberd; a gnoll corpse You hit the gnoll.
The gnoll is moderately wounded.
The gnoll hits you with a halberd of protection.
You die...

.##.##...#...(.....#..
...####...##g###..#
#............# ##
..........####
##.####...# # ##.##
#g# #g# #@# #)######..
#......... #.######.#
.... #.##.# # #.[ ###


You could see 2 gnolls.

Vanquished Creatures
  2 gnolls (D:3)
  An adder (D:2)
  A dart slug (D:1)
  4 goblins
  2 hobgoblins (D:1)
  4 kobolds
  A bat (D:1)
  4 rats
19 creatures vanquished.

Notes
Turn   | Place    | Note
-------+----------+-------------------------------------------
     0 | D:1      | Amnesiac the Deep Elf Fighter began the quest for the Orb.
     0 | D:1      | Reached XP level 1. HP: 13/13 MP: 3/3
   142 | D:1      | Reached skill level 1 in Dodging
   323 | D:1      | Reached XP level 2. HP: 18/18 MP: 4/4
   632 | D:3      | Found a shattered altar of Ashenzari.
   655 | D:3      | Reached XP level 3. HP: 16/22 MP: 5/5
   660 | D:3      | Slain by a gnoll

Vault maps used:
D:1:      matt_arrival_los_fun, st_stairs_13, minmay_misc_feat_nine_boxes
D:2:      kennysheep_vampire_church, lightli_temple_of_fire,
          overflow_temple_1_default, first_ration, minivault_11,
          roderic_roman_lattice
D:3:      evilmike_ruin_ashenzari

Skill      XL: |  1  2 |
---------------+-------+-----
Dodging        | 1 2 |  2.9
Long Blades    | 2 |  2.0
Fighting       | |  2.7
Armour         | |  2.7
Shields        | |  2.4

Action                   || total
-------------------------++-------
Melee: Long sword        ||    68
  Use: Potion            ||     2
Armor: Scale mail        ||    36
Dodge: Dodged            ||    20
Block: Shield            ||    33
       Rpst.: Long sword ||     3

Table legend:
 A = Non-vault XP
 B = Vault XP
 C = Vault XP percentage of total XP
 D = Non-vault monster count
 E = Vault monster count
 F = Vault count percentage of total count
                 A         B        C        D         E       F
            +---------+---------+-------+---------+---------+-------
      Total |      70 |       0 |   0.0 |      19 |       0 |   0.0
            +---------+---------+-------+---------+---------+-------
        D:1 |      21 |       0 |   0.0 |      12 |       0 |   0.0
        D:2 |      14 |       0 |   0.0 |       1 |       0 |   0.0
        D:3 |      35 |       0 |   0.0 |       6 |       0 |   0.0
            +---------+---------+-------+---------+---------+-------
